NYP
MAHONING VALLEY SCRAPPERS @ VERMONT LAKE MONSTERS
07/01/2047
 
TOP OF THE 1ST
Mahoning Valley Scrappers batting - Pitching for Vermont Lake Monsters : RHP Joe Pate
Pitching: RHP Joe Pate
Batting: SHB Scott Scott 0-0: Ball
1-0: Called Strike
1-1: Swinging Strike
1-2: Ball
2-2: Fly out, F8 (Line Drive, 8RD, EV 88.8 MPH)
Batting: RHB Josh Patterson 0-0: Called Strike
0-1: Ball
1-1: Called Strike
1-2: Ball
2-2: Strikes out looking
Batting: LHB Ben Rubenacker 0-0: Ball
1-0: Ball
2-0: Ball
3-0: Called Strike
3-1: Swinging Strike
3-2: SINGLE (Groundball, 6M, EV 103.1 MPH) (infield hit)
Batting: LHB Kazuyoshi Nakamura 0-0: Ball
1-0: Called Strike
1-1: DOUBLE (Flyball, 8LXD, EV 93.1 MPH)
Ben Rubenacker to third
Batting: RHB Harris Leroux 0-0: Ball
1-0: SINGLE (Line Drive, 34D, EV 103.8 MPH)
Ben Rubenacker scores
Kazuyoshi Nakamura to third
Batting: RHB Mitch Boyd 0-0: Ball
1-0: Foul Ball, location: 2F
1-1: Foul Ball, location: 2F
1-2: Fly out, F9 (Flyball, 9D, EV 103.8 MPH)
Top of the 1st over - 1 run, 3 hits, 0 errors, 2 left on base; Mahoning Valley 1 - Vermont 0
BOTTOM OF THE 1ST
Vermont Lake Monsters batting - Pitching for Mahoning Valley Scrappers : RHP Danny Bustos
Pitching: RHP Danny Bustos
Batting: RHB Franklin Salazar 0-0: Called Strike
0-1: Ball
1-1: Called Strike
1-2: Strikes out swinging
Batting: RHB Micah Roth 0-0: Ball
1-0: Ground out 1-3 (Groundball, 13S, EV 70.6 MPH)
Batting: LHB Fred Arends 0-0: Swinging Strike
0-1: Called Strike
0-2: Strikes out looking
Bottom of the 1st over - 0 runs, 0 hits, 0 errors, 0 left on base; Mahoning Valley 1 - Vermont 0
TOP OF THE 2ND
Mahoning Valley Scrappers batting - Pitching for Vermont Lake Monsters : RHP Joe Pate
Batting: LHB Esteban Cordova 0-0: Called Strike
0-1: Ball
1-1: Foul Ball, location: 2F
1-2: Ball
2-2: DOUBLE (Line Drive, 8RXD, EV 109.4 MPH)
Batting: RHB Carlos Salazar 0-0: Ball
Wild Pitch!
Esteban Cordova to third
1-0: Foul Ball, location: 2F
1-1: Ball
2-1: Foul Ball, location: 2F
2-2: Hit by Pitch
Batting: RHB Jeremy Givens 0-0: Called Strike
0-1: Ball
1-1: Foul Ball, location: 2F
1-2: Strikes out swinging
Batting: SHB Scott Scott 0-0: Ball
1-0: Foul Ball, location: 2F
1-1: Fly out, F5 (Line Drive, 5L, EV 73.1 MPH)
Batting: RHB Josh Patterson 0-0: Called Strike
0-1: Ground out 6-3 (Groundball, 6MS, EV 84.4 MPH)
Top of the 2nd over - 0 runs, 1 hit, 0 errors, 2 left on base; Mahoning Valley 1 - Vermont 0
BOTTOM OF THE 2ND
Vermont Lake Monsters batting - Pitching for Mahoning Valley Scrappers : RHP Danny Bustos
Batting: RHB David Herrera 0-0: Ball
1-0: Foul Ball, location: 2F
1-1: Ball
2-1: Foul Ball, location: 2F
2-2: Ball
3-2: Base on Balls
Batting: LHB Felipe Gomez 0-0: Called Strike
0-1: Ball
Wild Pitch!
David Herrera to second
1-1: Fly out, F7 (Flyball, 7D, EV 103.1 MPH)
Runner from 2nd tags up, SAFE at 3rd, no throw by LF
Batting: LHB Ed Talamantes 0-0: Ball
1-0: Swinging Strike
1-1: Ball
2-1: Swinging Strike
2-2: Strikes out swinging
Batting: RHB Chris Temple 0-0: Foul Ball, location: 2F
0-1: Ground out 6-3 (Groundball, 6, EV 99.4 MPH)
Bottom of the 2nd over - 0 runs, 0 hits, 0 errors, 1 left on base; Mahoning Valley 1 - Vermont 0
TOP OF THE 3RD
Mahoning Valley Scrappers batting - Pitching for Vermont Lake Monsters : RHP Joe Pate
Batting: LHB Ben Rubenacker 0-0: Called Strike
0-1: Foul Ball, location: 2F
0-2: Ball
1-2: Ball
2-2: Ground out U3 (Groundball, 3, EV 106.2 MPH)
Batting: LHB Kazuyoshi Nakamura 0-0: Reached via error on a dropped throw from 2B, E3 (Groundball, 4M, EV 110.0 MPH)
Batting: RHB Harris Leroux 0-0: Swinging Strike
0-1: Ball
1-1: Ball
2-1: Foul Ball, location: 2F
2-2: Ball
3-2: Foul Ball, location: 2F
3-2: Strikes out swinging
Kazuyoshi Nakamura is caught stealing 2nd base 2-4
Batter strikes out.
Top of the 3rd over - 0 runs, 0 hits, 1 error, 0 left on base; Mahoning Valley 1 - Vermont 0
BOTTOM OF THE 3RD
Vermont Lake Monsters batting - Pitching for Mahoning Valley Scrappers : RHP Danny Bustos
Batting: LHB Miguel Maymi 0-0: Ball
1-0: Ball
2-0: Foul Ball, location: 2F
2-1: Ball
3-1: Foul Ball, location: 2F
3-2: Fly out, F8 (Flyball, 8LD, EV 76.9 MPH)
Batting: RHB Ricky Trejo 0-0: Foul Ball, location: 2F
0-1: Ball
1-1: Ground out 6-3 (Groundball, 6, EV 86.2 MPH)
Batting: RHB Franklin Salazar 0-0: Ground out 4-3 (Groundball, 4M, EV 85.0 MPH)
Bottom of the 3rd over - 0 runs, 0 hits, 0 errors, 0 left on base; Mahoning Valley 1 - Vermont 0
TOP OF THE 4TH
Mahoning Valley Scrappers batting - Pitching for Vermont Lake Monsters : RHP Joe Pate
Batting: RHB Mitch Boyd 0-0: Foul Ball, location: 2F
0-1: Ball
1-1: Ball
2-1: Ball
3-1: Called Strike
3-2: Base on Balls
Batting: LHB Esteban Cordova 0-0: Ball
1-0: Swinging Strike
1-1: Called Strike
Mitch Boyd steals 2nd base (no throw)
1-2: Ball
2-2: Fly out, F8 (Flyball, 78D, EV 104.4 MPH)
Batting: RHB Carlos Salazar 0-0: SINGLE (Groundball, 56D, EV 96.9 MPH)
Mitch Boyd to third
Runner from 3rd tries for Home, SAFE, throw by LF to home
Batting: RHB Jeremy Givens 0-0: Called Strike
0-1: Ball
1-1: Fly out, F7 (Flyball, 7S, EV 86.2 MPH)
Batting: SHB Scott Scott 0-0: Ball
1-0: Ball
2-0: Called Strike
2-1: Called Strike
2-2: Ball
Carlos Salazar is caught stealing 2nd base 2-6
Top of the 4th over - 1 run, 1 hit, 0 errors, 0 left on base; Mahoning Valley 2 - Vermont 0
BOTTOM OF THE 4TH
Vermont Lake Monsters batting - Pitching for Mahoning Valley Scrappers : RHP Danny Bustos
Batting: RHB Micah Roth 0-0: Ball
1-0: Fly out, F7 (Line Drive, 7LM, EV 104.4 MPH)
Batting: LHB Fred Arends 0-0: Called Strike
0-1: Ball
1-1: Ball
2-1: Fly out, F9 (Line Drive, 9LS, EV 87.5 MPH)
Batting: RHB David Herrera 0-0: Ball
1-0: Ball
2-0: Called Strike
2-1: Ball
3-1: Base on Balls
Batting: LHB Felipe Gomez 0-0: Called Strike
David Herrera is caught stealing 2nd base 2-6
Bottom of the 4th over - 0 runs, 0 hits, 0 errors, 0 left on base; Mahoning Valley 2 - Vermont 0
TOP OF THE 5TH
Mahoning Valley Scrappers batting - Pitching for Vermont Lake Monsters : RHP Joe Pate
Batting: SHB Scott Scott 0-0: Called Strike
0-1: Foul Ball, location: 2F
0-2: Ground out 1-3 (Groundball, 25, EV 64.4 MPH)
Batting: RHB Josh Patterson 0-0: Ball
1-0: Ball
2-0: Called Strike
2-1: Ground out 5-3 (Groundball, 5L, EV 106.9 MPH)
Batting: LHB Ben Rubenacker 0-0: Ball
1-0: Ball
2-0: SINGLE (Line Drive, 6MD, EV 94.4 MPH)
Batting: LHB Kazuyoshi Nakamura 0-0: Ball
1-0: Swinging Strike
1-1: Foul Ball, location: 2F
1-2: Foul Ball, location: 2F
1-2: SINGLE (Line Drive, 9S, EV 96.9 MPH)
Ben Rubenacker to second
Runner from 2nd tries for 3rd, SAFE, throw by RF made to third
Pitching: RHP Jesus Elizondo
Batting: RHB Harris Leroux 0-0: Ball
1-0: Ball
2-0: Swinging Strike
2-1: Ball
3-1: Called Strike
3-2: Ground out 5-3 (Groundball, 56S, EV 83.1 MPH)
Top of the 5th over - 0 runs, 2 hits, 0 errors, 2 left on base; Mahoning Valley 2 - Vermont 0
BOTTOM OF THE 5TH
Vermont Lake Monsters batting - Pitching for Mahoning Valley Scrappers : RHP Danny Bustos
Batting: LHB Felipe Gomez 0-0: SINGLE (Groundball, 4MD, EV 106.9 MPH) (infield hit)
Batting: LHB Ed Talamantes 0-0: Ball
1-0: Called Strike
1-1: Called Strike
Felipe Gomez is caught stealing 2nd base 2-6
1-2: Foul Ball, location: 2F
1-2: Foul Ball, location: 2F
1-2: Foul Ball, location: 2F
1-2: Ball
2-2: Ball
3-2: Foul Ball, location: 2F
3-2: Strikes out looking
Batting: RHB Chris Temple 0-0: Ball
1-0: Ball
2-0: Ground out 6-3 (Groundball, 6, EV 80.6 MPH)
Bottom of the 5th over - 0 runs, 1 hit, 0 errors, 0 left on base; Mahoning Valley 2 - Vermont 0
TOP OF THE 6TH
Mahoning Valley Scrappers batting - Pitching for Vermont Lake Monsters : RHP Jesus Elizondo
Batting: RHB Mitch Boyd 0-0: Called Strike
0-1: Ball
1-1: Called Strike
1-2: Ball
2-2: Foul Ball, location: 2F
2-2: Ball
3-2: Fly out, F8 (Flyball, 89M, EV 93.8 MPH)
Batting: LHB Esteban Cordova 0-0: Foul Ball, location: 2F
0-1: Foul Ball, location: 2F
0-2: Ball
1-2: SINGLE (Flyball, 89S, EV 87.5 MPH)
Batting: RHB Carlos Salazar 0-0: Called Strike
0-1: Swinging Strike
0-2: Ball
1-2: Grounds into double play, 5-4-3 (Groundball, 56S, EV 82.5 MPH)
Top of the 6th over - 0 runs, 1 hit, 0 errors, 0 left on base; Mahoning Valley 2 - Vermont 0
BOTTOM OF THE 6TH
Vermont Lake Monsters batting - Pitching for Mahoning Valley Scrappers : RHP Danny Bustos
Batting: LHB Miguel Maymi 0-0: Foul Ball, location: 2F
0-1: Ball
1-1: Ball
2-1: SINGLE (Groundball, 25, EV 69.4 MPH) (infield hit)
Batting: RHB Ricky Trejo 0-0: Called Strike
0-1: Swinging Strike
0-2: Strikes out swinging
Batting: RHB Franklin Salazar 0-0: TRIPLE (Line Drive, 89XD, EV 109.4 MPH)
Miguel Maymi scores
Batting: RHB Micah Roth 0-0: Ball
1-0: Fly out, F9 (Flyball, 9, EV 96.9 MPH)
Batting: LHB Fred Arends 0-0: Swinging Strike
0-1: Foul Ball, location: 2F
0-2: Foul Ball, location: 2F
0-2: Strikes out looking
Bottom of the 6th over - 1 run, 2 hits, 0 errors, 1 left on base; Mahoning Valley 2 - Vermont 1
TOP OF THE 7TH
Mahoning Valley Scrappers batting - Pitching for Vermont Lake Monsters : RHP Jesus Elizondo
Batting: RHB Jeremy Givens 0-0: Foul Ball, location: 2F
0-1: Ball
1-1: DOUBLE (Line Drive, 5D, EV 99.4 MPH)
Batting: SHB Scott Scott 0-0: Intentional Walk
Batting: RHB Josh Patterson 0-0: SINGLE (Line Drive, 78M, EV 101.2 MPH)
Jeremy Givens to third
Scott Scott to second
Batting: LHB Ben Rubenacker 0-0: Ball
1-0: Called Strike
1-1: Ball
2-1: SINGLE (Groundball, 6M, EV 89.4 MPH) (infield hit)
Jeremy Givens scores
Scott Scott to third
Josh Patterson to second
Batting: LHB Kazuyoshi Nakamura 0-0: Grounds into double play, 5-2-3 (Groundball, 56, EV 90.0 MPH)
Josh Patterson to third
Ben Rubenacker to second
Batting: RHB Harris Leroux 0-0: Ball
1-0: Called Strike
1-1: Called Strike
1-2: Ball
2-2: Foul Ball, location: 2F
2-2: Fly out, F7 (Flyball, 7LD, EV 90.6 MPH)
Top of the 7th over - 1 run, 3 hits, 0 errors, 2 left on base; Mahoning Valley 3 - Vermont 1
BOTTOM OF THE 7TH
Vermont Lake Monsters batting - Pitching for Mahoning Valley Scrappers : RHP Danny Bustos
Batting: RHB David Herrera 0-0: Foul Ball, location: 2F
0-1: SINGLE (Groundball, 6MD, EV 94.4 MPH)
Batting: LHB Felipe Gomez 0-0: Called Strike
0-1: Ball
1-1: Foul Ball, location: 2F
1-2: Strikes out swinging
Batting: LHB Ed Talamantes 0-0: Called Strike
0-1: Fly out, F7 (Line Drive, 7LM, EV 95.0 MPH)
Batting: RHB Chris Temple 0-0: Ball
David Herrera steals 2nd base
1-0: Ball
2-0: Swinging Strike
2-1: Ball
3-1: Called Strike
3-2: Foul Ball, location: 2F
3-2: Foul Ball, location: 2F
3-2: SINGLE (Line Drive, 8RS, EV 98.8 MPH)
David Herrera to third
Runner from 3rd tries for Home, SAFE, throw by CF to home
Batting: LHB Miguel Maymi 0-0: Called Strike
0-1: Foul Ball, location: 2F
0-2: Foul Ball, location: 2F
0-2: Ball
1-2: Ball
2-2: Strikes out swinging
Bottom of the 7th over - 1 run, 2 hits, 0 errors, 1 left on base; Mahoning Valley 3 - Vermont 2
TOP OF THE 8TH
Mahoning Valley Scrappers batting - Pitching for Vermont Lake Monsters : RHP Jesus Elizondo
Batting: RHB Mitch Boyd 0-0: Ball
1-0: Called Strike
1-1: Foul Ball, location: 2F
1-2: Foul Ball, location: 2F
1-2: Ball
2-2: SINGLE (Groundball, 56D, EV 100.6 MPH)
Batting: LHB Esteban Cordova 0-0: Called Strike
0-1: Called Strike
Mitch Boyd steals 2nd base
0-2: Strikes out looking
Batting: RHB Carlos Salazar 0-0: Ball
1-0: Foul Ball, location: 2F
1-1: Ball
2-1: Called Strike
2-2: Foul Ball, location: 2F
2-2: SINGLE (Line Drive, 6M, EV 94.4 MPH)
Mitch Boyd to third
Runner from 3rd tries for Home, SAFE, throw by CF to home
Pitching: RHP John Gloe
Batting: RHB Jeremy Givens 0-0: Called Strike
Carlos Salazar steals 2nd base
0-1: Ball
1-1: Called Strike
1-2: Ground out 4-3 (Groundball, 34D, EV 106.2 MPH)
Carlos Salazar to third
Batting: SHB Scott Scott 0-0: Ball
1-0: Ball
Wild Pitch!
Carlos Salazar scores
2-0: Ball
3-0: Called Strike
3-1: Swinging Strike
3-2: TRIPLE (Flyball, 78XD, EV 94.4 MPH)
Batting: RHB Josh Patterson 0-0: Foul Ball, location: 2F
0-1: Ball
1-1: Fly out, F8 (Flyball, 8RS, EV 86.2 MPH)
Top of the 8th over - 2 runs, 3 hits, 0 errors, 1 left on base; Mahoning Valley 5 - Vermont 2
BOTTOM OF THE 8TH
Vermont Lake Monsters batting - Pitching for Mahoning Valley Scrappers : RHP Danny Bustos
Pinch Hitting: LHB Alejandro Muniz 0-0: Called Strike
0-1: Called Strike
0-2: Ball
1-2: Foul Ball, location: 2F
1-2: SINGLE (Groundball, 4MD, EV 109.4 MPH)
Batting: RHB Franklin Salazar 0-0: Ball
1-0: Ball
2-0: Fielders Choice at 2nd, 6-4 (Groundball, 6, EV 85.6 MPH)
Batting: RHB Micah Roth 0-0: Ball
1-0: Called Strike
1-1: Ball
2-1: Called Strike
2-2: Strikes out swinging
Batting: LHB Fred Arends 0-0: Ball
1-0: Foul Ball, location: 2F
1-1: Ball
2-1: SINGLE (Groundball, 34D, EV 107.5 MPH)
Franklin Salazar to second
Runner from 2nd tries for 3rd, SAFE, throw by RF made to third
Batting: RHB David Herrera 0-0: Ball
1-0: SINGLE (Flyball, 9S, EV 87.5 MPH)
Franklin Salazar scores
Fred Arends to second
Runner from 2nd tries for 3rd, SAFE, throw by RF made to third
Pitching: RHP Rainer Von Croy
Batting: LHB Felipe Gomez 0-0: Called Strike
0-1: Foul Ball, location: 2F
0-2: Strikes out swinging
Bottom of the 8th over - 1 run, 3 hits, 0 errors, 2 left on base; Mahoning Valley 5 - Vermont 3
TOP OF THE 9TH
Mahoning Valley Scrappers batting - Pitching for Vermont Lake Monsters : RHP John Gloe
Pitching: RHP Jeff Heaster
Now at 3B: Zachary Anderson
Batting: LHB Ben Rubenacker 0-0: Ball
1-0: Ground out 4-3 (Groundball, 4D, EV 83.1 MPH)
Batting: LHB Kazuyoshi Nakamura 0-0: Foul Ball, location: 2F
0-1: Foul Ball, location: 2F
0-2: Strikes out swinging
Batting: RHB Harris Leroux 0-0: Ball
1-0: Foul Ball, location: 2F
1-1: Ball
2-1: Foul Ball, location: 2F
2-2: Strikes out looking
Top of the 9th over - 0 runs, 0 hits, 0 errors, 0 left on base; Mahoning Valley 5 - Vermont 3
BOTTOM OF THE 9TH
Vermont Lake Monsters batting - Pitching for Mahoning Valley Scrappers : RHP Rainer Von Croy
Now in RF: Travis Burnett
Batting: LHB Ed Talamantes 0-0: Ball
1-0: DOUBLE (Line Drive, 7LM, EV 101.9 MPH)
Batting: RHB Chris Temple 0-0: Foul Ball, location: 2F
0-1: Swinging Strike
0-2: Strikes out swinging
Batting: LHB Miguel Maymi 0-0: Ball
1-0: Ball
2-0: Ball
3-0: Base on Balls
Batting: RHB Zachary Anderson 0-0: Ball
1-0: Ball
2-0: Foul Ball, location: 2F
2-1: SINGLE (Line Drive, 7LS, EV 107.5 MPH)
Ed Talamantes to third
Miguel Maymi to second
Batting: RHB Franklin Salazar 0-0: Ball
1-0: Swinging Strike
1-1: Called Strike
1-2: Ball
Wild Pitch!
Ed Talamantes scores
Miguel Maymi to third
Zachary Anderson to second
2-2: Fly out, F9 (Flyball, 9S, EV 80.0 MPH)
Batting: RHB Micah Roth 0-0: Fly out, F8 (Flyball, 8RXD, EV 103.1 MPH)
Bottom of the 9th over - 1 run, 2 hits, 0 errors, 2 left on base; Mahoning Valley 5 - Vermont 4
Thursday, December 15th , 2022 - OOTP Baseball 23.9 Build 102